 Dungeon Crawl Stone Soup version 0.10.4 character file.

906 Kziril the Skirmisher (level 7, -2/53 HPs)
             Began as a Demonspawn Abyssal Knight on May 28, 2019.
             Was a Priest of Lugonu.
             Slain by an ogre
             ... wielding a +0,+0 giant club
              (20 damage)
             ... on Level 6 of the Dungeon.
             The game lasted 01:01:39 (6650 turns).

Kziril the Skirmisher (Demonspawn Abyssal Knight)   Turns: 6650, Time: 01:01:39

HP  -2/53        AC  9     Str 14      XL: 7   Next: 17%
MP  12/12        EV  8     Int 13      God: Lugonu [***...]
Gold 273         SH  0     Dex 16      Spells:  0 memorised,  6 levels left

Res.Fire  : . . .   See Invis. : .   J - -1,+1 orc hammer
Res.Cold  : . . .   Warding    : . . F - +0 dwarf scale mail
Life Prot.: . . .   Conserve   : .   (no shield)
Res.Acid. : . . .   Res.Corr.  : .   (no helmet)
Res.Poison: .       Clarity    : .   m - +0 cloak
Res.Elec. : .       Spirit.Shd : .   (no gloves)
Sust.Abil.: . .     Stasis     : .   (no boots)
Res.Mut.  : .       Ctrl.Telep.: .   (no amulet)
Res.Rott. : .       Levitation : .   A - cursed +1 ring of protection
Saprovore : . . .   Ctrl.Flight: .   q - cursed +3 ring of dexterity

@: slightly resistant to hostile enchantments, extremely unstealthy
A: claws 1, hooves 1, powered by pain 1
a: Depart the Abyss, Bend Space, Banish, Renounce Religion


You were on level 6 of the Dungeon.
You worshipped Lugonu.
Lugonu was greatly pleased with you.
You were not hungry.

You visited 2 branches of the dungeon, and saw 7 of its levels.
You visited the Abyss 1 time.

You collected 253 gold pieces.

Inventory:

Hand weapons
 H - a -1,+1 orcish falchion of slicing
 J - a -1,+1 orcish hammer (weapon)
Armour
 m - a +0 cloak (worn)
 F - a +0 dwarven scale mail (worn)
 O - a +2 robe
Magical devices
 K - a wand of polymorph other (12) {unknown}
Comestibles
 c - 3 bread rations
 g - 2 pears
 u - a meat ration
 z - 9 strawberries
 G - 11 sultanas
Scrolls
 a - 2 scrolls of magic mapping {unknown}
 d - 6 scrolls of remove curse
 e - 2 scrolls of amnesia
 i - 6 scrolls of identify
 j - 2 scrolls of random uselessness
 n - 2 scrolls of enchant armour
 o - a scroll of curse jewellery {unknown}
 p - 2 scrolls of blinking {unknown}
 y - 2 scrolls of fog {unknown}
 B - a scroll of enchant weapon II {unknown}
 E - a scroll of enchant weapon I {unknown}
 I - a scroll of fear {unknown}
 L - a scroll of detect curse {unknown}
 N - a scroll of teleportation {unknown}
Jewellery
 b - a +2 ring of strength
 k - an uncursed ring of regeneration
 q - a cursed +3 ring of dexterity (left claw)
 w - a +3 ring of evasion
 A - a cursed +1 ring of protection (right claw)
Potions
 f - a potion of levitation {unknown}
 h - a potion of resistance {unknown}
 l - a potion of heal wounds
 r - 2 potions of confusion {unknown}
 s - a potion of poison {unknown}
 t - 3 potions of brilliance {unknown}
 v - 4 potions of curing
 x - a potion of slowing {unknown}
 C - a potion of mutation {unknown}
 D - a potion of invisibility {unknown}
 M - a potion of berserk rage {unknown}
 P - a potion of restore abilities {unknown}


   Skills:
 * Level 5.3 Fighting
 - Level 1.7 Axes
 + Level 3.2 Armour
 * Level 3.1 Dodging
 + Level 2.9 Stabbing
 + Level 2.5 Traps & Doors
 + Level 4.9 Invocations


You had 6 spell levels left.
You didn't know any spells.

Dungeon Overview and Level Annotations

Branches:
Dungeon (6/27)             Temple (1/1) D:5
    Orc: D:6-11

Altars:
Ashenzari
Cheibriados
Elyvilon
Fedhas
Kikubaaqudgha
Makhleb
Nemelex Xobeh
Okawaru
Sif Muna
The Shining One
Trog
Vehumet
Xom
Yredelemnul
Zin


Innate Abilities, Weirdness & Mutations

You have sharp fingernails.
You have large cloven feet.
You sometimes regain a little magical energy from taking damage.


Message History

The ogre shouts!
Identify which item? (? for menu, Esc to quit)
As you read the scroll of identify, it crumbles to dust.
n - 2 scrolls of enchant armour You hit the ogre.
You kick the ogre, but do no damage.
The ogre is lightly wounded.
The ogre closely misses you.
You completely miss the ogre. You kick the ogre.
The ogre is moderately wounded.
The ogre hits you with a giant club!
You hit the ogre. You kick the ogre.
The ogre is heavily wounded.
The ogre hits you with a giant club!
You hit the ogre. You kick the ogre.
The ogre is heavily wounded.
The ogre hits you with a giant club!
You hit the ogre. You kick the ogre.
The ogre is severely wounded.
The ogre hits you with a giant club!
You die...

######.......#
.............#
.............##########
..........).............
.........................
..........................
#.##########.##...........
#. #.##........... #
###.##.@O........#
...................
..................
.##.##.####.#.### .......
..... ##.##.. #.# # # #..
.# ## #


You could see an ogre.

Vanquished Creatures
  Sigmund (D:5)
  A big kobold skeleton (D:5)
  2 crimson imps (D:5)
  A hound (D:5)
  3 orc wizards
  An iguana (D:5)
  A worker ant (D:4)
  A worm zombie (D:1)
  A green rat (D:3)
  12 adders
  2 giant mites
  A worm (D:4)
  4 grey rats (D:3)
  3 giant geckos
  3 oozes
  8 orcs
  10 bats
  5 giant cockroaches
  18 hobgoblins
  3 quokkas
  7 ball pythons (D:3)
  4 giant newts
  13 goblins
  A hobgoblin skeleton (D:4)
  5 jackals
  12 kobolds
  A kobold zombie (D:6)
  An orc zombie (D:5)
  23 rats
  2 toadstools (D:5)
150 creatures vanquished.

Vanquished Creatures (others)
  A goblin (D:1)
  10 toadstools
11 creatures vanquished.

Grand Total: 161 creatures vanquished

Notes
Turn   | Place    | Note
--------------------------------------------------------------
     0 | Abyss    | Kziril, the Demonspawn Abyssal Knight, began the quest for the Orb.
     0 | Abyss    | Reached XP level 1. HP: 16/16 MP: 1/1
    30 | D:1      | You pass through the gate.
   109 | D:1      | Acquired Lugonu's first power
   457 | D:1      | Reached skill level 1 in Dodging
   457 | D:1      | Gained mutation: You have large cloven feet.
   457 | D:1      | Reached XP level 2. HP: 20/22 MP: 2/2
   628 | D:1      | Reached skill level 1 in Traps & Doors
   954 | D:1      | Reached skill level 1 in Stabbing
   972 | D:1      | Reached XP level 3. HP: 28/28 MP: 4/4
  1406 | D:1      | Noticed a worm zombie
  1419 | D:1      | Killed a worm zombie
  1419 | D:1      | Reached skill level 4 in Fighting
  1602 | D:2      | Reached XP level 4. HP: 27/35 MP: 6/6
  1619 | D:2      | Acquired Lugonu's second power
  2246 | D:3      | Found a glowing drain.
  2369 | D:3      | Gained mutation: You have sharp fingernails.
  2369 | D:3      | Reached XP level 5. HP: 40/40 MP: 8/8
  2975 | D:3      | Acquired Lugonu's third power
  3727 | D:4      | Gained mutation: You sometimes regain a little magical energy from taking damage.
  3727 | D:4      | Reached XP level 6. HP: 40/47 MP: 10/10
  3867 | D:4      | Reached skill level 5 in Fighting
  4396 | D:5      | Entered Level 5 of the Dungeon
  4396 | D:5      | Found a staircase to the Ecumenical Temple.
  4400 | D:5      | Noticed Sigmund
  4424 | D:5      | Killed Sigmund
  5820 | D:5      | Reached XP level 7. HP: 13/53 MP: 12/12
  6232 | Temple   | Entered the Ecumenical Temple
  6650 | D:6      | Slain by an ogre
